 Dungeon Crawl Stone Soup version 0.31.0-4-g52a2dc7128 (webtiles) character file.

Game seed: 15824834831582752600

159567 Strat the Warrior (level 17, -17/128 HPs)
             Began as a Gargoyle Earth Elementalist on Jan 21, 2024.
             Was the Champion of Dithmenos.
             Demolished by a pharaoh ant (27 damage)
             ... on level 4 of the Spider Nest on Jan 22, 2024.
             The game lasted 01:53:12 (40918 turns).

Strat the Warrior (Gargoyle Earth Elementalist)    Turns: 40918, Time: 01:53:13

Health: -17/128    AC: 26    Str: 12 (14) XL:     17   Next: 74%
Magic:  20/31      EV:  6    Int: 22      God:    Dithmenos [******]
Gold:   1372       SH:  0    Dex:  8 (10) Spells: 0/36 levels left

rFire   . . .        a - +3 demon whip (venom)
rCold   + . .        f - +2 buckler
rNeg    + + .        B - +0 troll leather armour
rPois   ∞            (no helmet)
rElec   +            (no cloak)
rCorr   .            j - +0 pair of gloves
SInv    .            A - +2 pair of boots
Will    +++..        u - amulet of regeneration
Stlth   +++++        s - ring of positive energy
HPRegen 2.01/turn    E - +4 ring of protection
MPRegen 0.22/turn

%: no passive effects
@: flying, held, wreathed by umbra
A: sickness immunity, AC +12, big wings, negative energy resistance 1,
electricity resistance, torment resistance 1, petrification resistance, cold
resistance 1, deterioration 1, strong-willed 2, robust 1
a: Renounce Religion, Shadow Step, Shadow Form


You were on level 4 of the Spider Nest.
You worshipped Dithmenos.
Dithmenos was exalted by your worship.
You visited 6 branches of the dungeon, and saw 28 of its levels.
You also visited: Sewer, Ossuary, Bailey and Gauntlet.

You collected 2522 gold pieces.
You spent 1150 gold pieces at shops.

Inventory:

Hand Weapons
 a - a +3 demon whip of venom (weapon)
 Q - the +9 flail of Zin, Rescuing {heavy, MP+9 Int+3}
   (You found it on level 3 of the Lair of Beasts)

   Int+3:     It affects your intelligence (+3).
   MP+9:      It affects your magic capacity (+9).
Missiles
 M - 3 throwing nets
Armour
 f - a +2 buckler (worn)
 j - a +0 pair of gloves (worn)
 A - a +2 pair of boots (worn)
 B - a +0 troll leather armour (worn)
 W - a +2 helmet
Jewellery
 d - a ring of flight
 p - an amulet of magic regeneration
 s - a ring of positive energy (left hand)
 u - an amulet of regeneration (around neck)
 E - a +4 ring of protection (right hand)
 J - a ring of protection from cold
 N - a +4 ring of protection
 S - a ring of positive energy
 T - a ring of ice
Wands
 i - a wand of polymorph (7)
 n - a wand of flame (20)
 t - a wand of mindburst (13)
 C - a wand of charming (16)
 G - a wand of digging (4)
 K - a wand of iceblast (9)
 O - a wand of light (11)
Scrolls
 e - 4 scrolls of vulnerability
 h - 4 scrolls of revelation
 o - 5 scrolls of identify
 q - 12 scrolls of teleportation
 r - a scroll of acquirement {unknown}
 v - 2 scrolls of amnesia
 y - 4 scrolls of fog
 D - 3 scrolls of blinking
 F - 2 scrolls of fear
 H - 2 scrolls of butterflies
 R - 2 scrolls of immolation
 V - 4 scrolls of poison
Potions
 b - 2 potions of ambrosia
 c - 2 potions of heal wounds
 g - 2 potions of lignification
 k - 10 potions of curing
 l - 5 potions of resistance
 m - 6 potions of magic
 w - a potion of might
 x - 5 potions of brilliance
 z - 6 potions of enlightenment
 I - 4 potions of haste
 L - 2 potions of cancellation
 P - a potion of attraction
 U - 3 potions of invisibility


   Skills:
 - Level 17.2 Fighting
 - Level 13.0 Maces & Flails
 - Level 10.0 Armour
 - Level 1.5 Dodging
 - Level 7.0 Stealth
 - Level 4.0 Shields
 - Level 10.2 Spellcasting
 + Level 11.5 Conjurations
 - Level 4.0 Translocations
 - Level 11.3 Earth Magic
 + Level 7.0 Alchemy
 - Level 10.8 Invocations


You couldn't memorise any spells.
You knew the following spells:

 Your Spells              Type           Power      Damage    Failure   Level
a - Sandblast             Erth           100%       2d20      1%          1
b - Stone Arrow           Conj/Erth      100%       3d13      1%          3
c - Passwall              Erth           57%        N/A       1%          3
d - Blink                 Tloc           56%        N/A       3%          2
e - Brom's Barrelling Bo  Conj/Erth      57%        2d7       1%          4
f - Apportation           Tloc           56%        N/A       1%          1
g - Jinxbite              Hex            22%        N/A       16%         2
h - Bombard               Conj/Erth      28%        9d5       14%         6
i - Lee's Rapid Deconstr  Erth           28%        3d15*     2%          5
j - Irradiate             Conj/Alch      25%        3d20      6%          5
k - Olgreb's Toxic Radia  Alch           42%        N/A       5%          4

Your spell library contained the following spells:

 Spells                   Type           Power      Damage    Failure   Level
 Sting                    Conj/Alch      100%       1d9       1%          1
 Momentum Strike          Conj/Tloc      90%        3d10      1%          2
 Dazzling Flash           Conj/Hex       72%        N/A       2%          3
 Mephitic Cloud           Conj/Alch/Air  38%        N/A       2%          3
 Leda's Liquefaction      Alch/Erth      25%        N/A       2%          4
 Petrify                  Alch/Erth      51%        N/A       2%          4
 Lesser Beckoning         Tloc           56%        N/A       3%          2
 Iskenderun's Mystic Bla  Conj/Tloc      45%        2d10      4%          4
 Gell's Gravitas          Tloc           28%        N/A       6%          3
 Teleport Other           Tloc           28%        N/A       6%          3
 Flame Wave               Conj/Fire      36%        2d10      9%          4
 Necrotise                Necr           44%        1d6       10%         1
 Summon Small Mammal      Summ           44%        N/A       10%         1
 Scorch                   Fire           22%        2d5       16%         2
 Alistair's Intoxication  Alch           28%        N/A       16%         5
 Arcjolt                  Conj/Air       18%        1d28      26%         5
 Tukima's Dance           Hex            11%        N/A       30%         3
 Vampiric Draining        Necr           11%        2d6       30%         3
 Dimensional Bullseye     Hex/Tloc       10%        N/A       41%         4
 Vhi's Electric Charge    Tloc/Air       40%        N/A       41%         4
 Dispel Undead            Necr           11%        3d9       69%         4
 Martyr's Knell           Necr/Summ      11%        N/A       69%         4
 Curse of Agony           Necr           11%        N/A       95%         5
 Silence                  Hex/Air        5%         N/A       95%         5
 Death Channel            Necr           5%         N/A       100%        6
 Summon Cactus Giant      Summ           5%         N/A       100%        6
 Malign Gateway           Summ/Tloc      10%        N/A       100%        7
 Ozocubu's Refrigeration  Ice            5%         4d8       100%        7
 Discord                  Hex            5%         N/A       100%        8
 Maxwell's Capacitive Co  Air            5%         ∞         100%        8
 Summon Horrible Things   Summ           5%         N/A       100%        8
 Cigotuvi's Dreadful Rot  Necr/Alch/Air  Unusable   N/A       N/A         2
 Sublimation of Blood     Necr           Unusable   N/A       N/A         2

Dungeon Overview and Level Annotations

Branches:
Dungeon (15/15)            Temple (1/1) D:4            Lair (5/5) D:10
  Swamp (0/4) Lair:2       Spider (4/4) Lair:3        Slime (0/5) Lair:5
    Orc (2/2) D:9             Elf (0/3) Orc:2        Vaults (0/5) D:14
 Depths (0/4) D:15           Hell (visited)           Sewer (visited)
Ossuary (visited)          Bailey (visited)         Gauntlet (visited)
    Dis: Hell:1         Geh: Hell:1         Coc: Hell:1         Tar: Hell:1

Altars:
Ashenzari
Cheibriados
Dithmenos
Elyvilon
Fedhas
Gozag
Hepliaklqana
Kikubaaqudgha
Makhleb
Nemelex Xobeh
Okawaru
Qazlal
Ru
Sif Muna
Trog
Uskayaw
Vehumet
Wu Jian
Xom
Yredelemnul
Zin
The Shining One
Jiyva

Shops:
D:4 !?!*(   D:5 ?   D:12 *   D:13 !   D:14 [   Orc:2 ::::[

Portals:
Hell: Lair:5

Annotations:
D:3 Terence
D:12 2 transporters, Vadun's ghost, journeyman TrMo
D:14 Roxanne
Lair:4 exclusion: oklob plant
Lair:5 1 runed translucent door
Spider:1 1 runed translucent door, Cumifues's ghost, journeyman MiMo
Spider:2 3 runed translucent doors, Vubreenic's ghost, adept CeHu; iishen's ghost, adept CeHu
Hell Geryon


Innate Abilities, Weirdness & Mutations

You are immune to sickness and miasma.
Your stone body is resilient. (AC +12)
You are immune to poison.
Your large and strong wings let you fly.
You resist negative energy. (rN+)
You are resistant to electric shocks. (rElec)
You are resistant to unholy torment.
You are immune to petrification.
Your flesh is cold resistant. (rC+)
Your body sometimes deteriorates upon taking damage.
You are highly strong-willed. (Will++)
You are robust. (+10% HP)


Message History

* * * LOW HITPOINT WARNING * * *
You emit a cloud of dark smoke.
Casting: Olgreb's Toxic Radiance (mildly dangerous; 5% risk of failure)
Confirm with . or Enter, or press ? or * to list all spells.
You begin to radiate toxic energy.
The jumping spider is poisoned.
The tarantella is poisoned.
The tarantella looks even sicker.
The pharaoh ant bites you but does no damage.
The tarantella looks even sicker.
Your toxic aura wanes.
The pharaoh ant bites you but does no damage.
The pharaoh ant bites you!!
* * * LOW HITPOINT WARNING * * *
You emit a cloud of dark smoke.
The pharaoh ant bites you but does no damage.
Dithmenos accepts your kill.
You feel a bit more experienced.
The jumping spider attacks as it pursues you!
The jumping spider pounces on you.
* * * LOW HITPOINT WARNING * * *
You are caught in a web!
The jumping spider bites you but does no damage.
The pharaoh ant bites you!
* * * LOW HITPOINT WARNING * * *
The jumping spider pounces on you but does no damage.
The jumping spider barely misses you.
There is a web here.
The web tears apart.
The jumping spider barely misses you.
The jumping spider completely misses you.
The pharaoh ant bites you.
* * * LOW HITPOINT WARNING * * *
The jumping spider looks more healthy.
The pharaoh ant attacks as it pursues you!
The pharaoh ant bites you!!
* * * LOW HITPOINT WARNING * * *
You emit a cloud of dark smoke.
The jumping spider pounces on you!
* * * LOW HITPOINT WARNING * * *
You are caught in a web!
The jumping spider bites you but does no damage.
The pharaoh ant bites you!!
You die...

####..s<.........
#...)...........
#...#§§§§............
###....s§§§§...........
#..##§§§§§§§............
###...§#§§§§§§............
#........§§§.§......^....#
#.......§sB##............#
###.....§@§#............$.
#^.^..§###s.............
#....#.^...[...^^.......
##^##..^...........#...°
###.^#..[............°.
######.#...§○○°s..°..
#####.....#...#.
#^......#.....
#......)......


You could see a pharaoh ant and a jumping spider.

Vanquished Creatures
  Kirke (D:13)
  3 emperor scorpions
  A ghost moth (Spider:2)
  2 very ugly things (D:15)
  A dire elephant (Lair:5)
  Fannar (Lair:3)
  Josephine (D:11)
  Harold (Lair:1)
  5 entropy weavers
  2 vault guards (D:14)
  7 hydras
  2 ghost crabs (Spider:3)
  A jorogumo (Spider:3)
  3 ogre magi
  14 two-headed ogres
  Erica (D:8)
  8 boulder beetles
  2 radroaches
  2 centaur warriors (D:15)
  4 demonic crawlers
  10 death yaks
  2 orc high priests
  An occultist (Lair:5)
  Amaemon (Lair:1)
  4 pharaoh ants
  4 skeletal warriors (D:12)
  2 skysharks (Lair:5)
  A glowing orange brain (D:15)
  A sixfirhy (Lair:5)
  2 deep trolls
  7 orb spiders
  3 arcanists (D:14)
  5 steelbarb worms
  2 deep elf pyromancers (D:15)
  2 orc knights
  An orc sorcerer (Orc:1)
  A necromancer (D:14)
  A manticore (D:12)
  14 ugly things
  12 wolf spiders
  4 cyclopes
  3 kobold blastminers
  A shining eye (shapeshifter) (D:15)
  3 moths of wrath
  9 meliai
  2 black mambas
  19 elephants
  4 gargoyles
  3 orange demons
  7 torpor snails
  2 unseen horrors
  7 rime drakes
  12 komodo dragons
  15 cane toads
  A freezing wraith (D:15)
  2 cane toads (shapeshifter)
  2 efreet (D:14)
  2 kobold demonologists
  2 tengu conjurers (D:13)
  2 ice devils (Lair:5)
  A yaktaur (D:12)
  A red devil (Lair:5)
  10 trolls
  5 tyrant leeches (Spider:3)
  4 polar bears
  A hellwing (Lair:5)
  13 tarantellas
  6 blink frogs
  4 slime creatures (D:15)
  15 jumping spiders
  6 wraiths
  4 wyverns
  14 culicivoras
  A centaur simulacrum (D:14)
  A vampire (D:11)
  Eustachio (D:6)
  18 humans (D:14)
  5 basilisks
  47 yaks
  2 hogs (D:13)
  39 redbacks
  3 steam dragons
  11 vampire mosquitoes
  Grum (D:11)
  4 wargs
  Menkaure (D:4)
  Edmund (D:6)
  An acid dragon (D:14)
  16 water moccasins
  3 hell hounds (Lair:5)
  28 orc warriors
  4 ice beasts (D:10)
  A black bear (D:6)
  2 laughing skulls (D:15)
  26 ogres
  28 wolves
  9 centaurs
  8 kobold brigands
  2 phantoms (D:5)
  20 bullfrogs
  3 scorpions
  2 gnoll sergeants
  7 wights
  5 killer bees
  3 howler monkeys (D:8)
  2 electric eels
  2 bombardier beetles
  2 centaur zombies (Ossuary)
  2 jellies
  2 hounds
  3 gnoll boudas
  A human zombie (Ossuary)
  9 orc priests
  4 sleepcaps
  Jessica (D:2)
  12 hell rats (Lair:2)
  17 orc wizards
  5 hound zombies (Ossuary)
  A mummy (Ossuary)
  Robin (D:2)
  23 gnolls
  7 river rats
  5 adders
  A shadow imp (D:4)
  3 white imps
  3 adder zombies (Ossuary)
  A ribbon worm (D:2)
  81 orcs
  5 bats
  8 endoplasms
  4 giant cockroaches
  21 goblins
  21 hobgoblins
  7 jackals (D:4)
  4 quokkas
  4 ball pythons
  4 frilled lizards
  3 gnoll zombies (Ossuary)
  7 jackal zombies (Ossuary)
  38 kobolds
  5 kobold zombies (Ossuary)
  4 orc zombies (Ossuary)
  28 rats
978 creatures vanquished.

Vanquished Creatures (collateral kills)
  8 boulders
8 creatures vanquished.

Vanquished Creatures (others)
  5 boulders
5 creatures vanquished.

Grand Total: 991 creatures vanquished

Notes
Turn   | Place    | Note
-------+----------+-------------------------------------------
     0 | D:1      | Strat the Gargoyle Earth Elementalist began the quest for
                  | the Orb.
     0 | D:1      | Reached XP level 1. HP: 10/10 MP: 3/3
   319 | D:1      | Reached XP level 2. HP: 16/16 MP: 3/5
   645 | D:1      | Reached skill level 1 in Fighting
   690 | D:1      | Found a faded altar of an unknown god.
   945 | D:2      | Reached XP level 3. HP: 20/20 MP: 3/6
  1003 | D:2      | Noticed Jessica
  1050 | D:2      | Killed Jessica
  1256 | D:2      | Found a radiant altar of Vehumet.
  1371 | D:2      | Noticed Robin
  1408 | D:2      | Reached XP level 4. HP: 25/25 MP: 3/7
  1546 | D:2      | Learned a level 3 spell: Stone Arrow
  1550 | D:2      | Learned a level 3 spell: Passwall
  1784 | D:2      | Killed Robin
  1850 | D:3      | Noticed Terence
  2191 | D:3      | You fall into a shaft and drop 2 floors!
  2191 | D:5      | Entered Level 5 of the Dungeon
  2197 | D:5      | Noticed a scorpion
  2221 | D:4      | Found Bucuv's Distillery.
  2247 | D:4      | Reached skill level 5 in Earth Magic
  2269 | D:4      | Found Wauweh's Assorted Antiques.
  2278 | D:4      | Bought 2 potions of heal wounds for 100 gold pieces
  2289 | D:4      | Found Fameymam's Weapon Shoppe.
  2299 | D:4      | Reached skill level 2 in Fighting
  2394 | D:4      | Reached XP level 5. HP: 26/30 MP: 5/8
  2395 | D:4      | Found a staircase to the Ecumenical Temple.
  2401 | Temple   | Entered the Ecumenical Temple
  2417 | Temple   | Became a worshipper of Dithmenos the Shadowed
  2516 | D:4      | Noticed a water moccasin
  2524 | D:4      | Killed a water moccasin
  2525 | D:4      | Reached XP level 6. HP: 29/36 MP: 4/9
  2653 | D:4      | Noticed Menkaure
  2655 | D:4      | Killed Menkaure
  2656 | D:4      | Reached skill level 3 in Fighting
  2868 | D:4      | Found a sand-covered staircase.
  2940 | Ossuary  | Entered an ossuary
  2955 | Ossuary  | Reached XP level 7. HP: 40/41 MP: 6/10
  3108 | Ossuary  | Reached skill level 5 in Conjurations
  3108 | Ossuary  | Reached * piety under Dithmenos
  3514 | D:4      | Found Hinyoxto's Distillery.
  3520 | D:4      | Bought a potion of curing for 30 gold pieces
  3560 | D:4      | Found Vedich's Magic Scroll Shoppe.
  3563 | D:4      | Bought a scroll of teleportation for 36 gold pieces
  3736 | D:4      | Learned a level 2 spell: Blink
  3739 | D:5      | Found Doxtiodd's Magic Scroll Emporium.
  4121 | D:5      | Reached ** piety under Dithmenos
  4135 | D:5      | Reached XP level 8. HP: 44/46 MP: 4/12
  5545 | D:6      | Found an iron altar of Okawaru.
  5811 | D:6      | Found a glowing drain.
  5815 | Sewer    | Entered a sewer
  5846 | Sewer    | Learned a level 4 spell: Brom's Barrelling Boulder
  6028 | Sewer    | Reached *** piety under Dithmenos
  6423 | D:6      | Found a snail-covered altar of Cheibriados.
  6439 | D:6      | Reached XP level 9. HP: 50/50 MP: 12/14
  6719 | D:6      | Reached skill level 10 in Earth Magic
  6846 | D:6      | Noticed Eustachio
  6861 | D:6      | Killed Eustachio
  6862 | D:6      | Reached skill level 5 in Spellcasting
  7186 | D:6      | Noticed Edmund
  7192 | D:6      | Killed Edmund
  7685 | D:7      | Noticed a troll
  7697 | D:7      | Killed a troll
  8008 | D:7      | Reached **** piety under Dithmenos
  8009 | D:7      | Reached XP level 10. HP: 56/56 MP: 17/21
  8638 | D:8      | Reached skill level 1 in Armour
  8638 | D:8      | Reached skill level 1 in Invocations
  8665 | D:8      | Reached skill level 4 in Fighting
  8963 | D:8      | Found a flagged portal.
  8968 | Bailey   | Entered a bailey
  9177 | Bailey   | Noticed an orc knight
  9214 | Bailey   | Killed an orc knight
  9215 | Bailey   | Reached skill level 5 in Fighting
  9814 | Bailey   | Noticed an orc warlord
  9821 | Bailey   | Noticed an orc knight
  9836 | Bailey   | Reached skill level 7 in Fighting
  9836 | Bailey   | Reached XP level 11. HP: 67/67 MP: 21/24
  9875 | D:8      | Reached ***** piety under Dithmenos
  9987 | D:8      | Reached XP level 12. HP: 73/73 MP: 7/25
  9995 | D:8      | Reached skill level 10 in Spellcasting
 10000 | D:8      | Reached skill level 8 in Fighting
 10113 | D:8      | Noticed Erica
 10368 | D:8      | Killed Erica
 10557 | D:8      | Learned a level 1 spell: Apportation
 10560 | D:8      | Learned a level 2 spell: Jinxbite
 10796 | D:9      | Reached skill level 1 in Shields
 10885 | D:9      | Reached skill level 9 in Fighting
 10885 | D:9      | Reached skill level 1 in Translocations
 11312 | D:9      | Found a staircase to the Orcish Mines.
 11683 | D:10     | Entered Level 10 of the Dungeon
 11790 | D:10     | Found a hide-covered altar of Uskayaw.
 11790 | D:10     | Noticed a two-headed ogre
 11804 | D:10     | Killed a two-headed ogre
 11866 | D:10     | Noticed a two-headed ogre
 11868 | D:10     | Killed a two-headed ogre
 12399 | D:10     | Found a staircase to the Lair.
 12452 | D:10     | Noticed a two-headed ogre
 12456 | D:10     | Killed a two-headed ogre
 12457 | D:10     | Reached skill level 10 in Fighting
 12516 | D:10     | Found an ancient bone altar of Kikubaaqudgha.
 13089 | D:11     | Noticed Grum
 13116 | D:11     | Killed Grum
 13159 | D:11     | Found a gate leading to a gauntlet.
 13183 | Gauntlet | Entered a Gauntlet
 13183 | Gauntlet | Noticed a tengu warrior
 13183 | Gauntlet | Found a transporter.
 13225 | Gauntlet | Found a runed translucent door.
 13228 | Gauntlet | Found a transporter.
 13229 | Gauntlet | Found a transporter.
 13251 | Gauntlet | Found a transporter.
 13255 | Gauntlet | Found a runed translucent door.
 13255 | Gauntlet | Found a runed translucent door.
 13407 | D:11     | Noticed Josephine
 13423 | D:11     | Killed Josephine
 13423 | D:11     | Reached ****** piety under Dithmenos
 13699 | D:11     | Noticed Sonja
 14117 | D:11     | Reached XP level 13. HP: 82/82 MP: 20/27
 14259 | D:12     | Reached skill level 10 in Invocations
 14620 | Lair:1   | Entered Level 1 of the Lair of Beasts
 14925 | Lair:2   | Found a staircase to the Swamp.
 15275 | Lair:5   | Entered Level 5 of the Lair of Beasts
 15564 | Lair:1   | Noticed Harold
 15988 | Lair:1   | Noticed Amaemon
 16005 | Lair:1   | Killed Amaemon
 16164 | Lair:1   | Killed Harold
 16165 | Lair:1   | Reached skill level 11 in Fighting
 17196 | Lair:2   | Identified the +2 whip of the Seven Visions {protect,
                  | +Blink rPois rC- Str+4}
 17820 | Lair:2   | Reached skill level 12 in Fighting
 18122 | Lair:2   | Reached skill level 1 in Maces & Flails
 18348 | Lair:2   | Reached skill level 10 in Armour
 18391 | Lair:2   | Gained mutation: Your large and strong wings let you fly.
                  | [Gargoyle growth]
 18391 | Lair:2   | Reached XP level 14. HP: 91/92 MP: 17/28
 19473 | Lair:3   | Reached skill level 5 in Maces & Flails
 19687 | Lair:3   | Identified the +9 flail of Zin, Rescuing {heavy, MP+9
                  | Int+3}
 19721 | Lair:3   | Noticed Fannar
 19748 | Lair:3   | Killed Fannar
 20103 | Lair:3   | Found a hole to the Spider Nest.
 20373 | Lair:3   | Reached skill level 13 in Fighting
 21748 | Lair:4   | Found a blossoming altar of Fedhas.
 22421 | Lair:5   | Reached skill level 14 in Fighting
 22521 | Lair:5   | Reached skill level 5 in Stealth
 22722 | Lair:5   | Reached XP level 15. HP: 91/100 MP: 18/29
 23199 | Lair:5   | Found a runed translucent door.
 23199 | Lair:5   | Found a viscous altar of Jiyva.
 23200 | Lair:5   | Noticed an azure jelly
 23200 | Lair:5   | Noticed an azure jelly
 23200 | Lair:5   | Noticed an azure jelly
 23202 | Lair:5   | Found a staircase to the Slime Pits.
 23795 | Lair:5   | Found a burning altar of Makhleb.
 24200 | Lair:5   | Found a gateway to Hell.
 24210 | Hell     | Entered the Vestibule of Hell
 24210 | Hell     | Noticed Geryon
 24210 | Hell     | Noticed a doom hound
 24457 | Orc:1    | Entered Level 1 of the Orcish Mines
 24697 | Orc:2    | Entered Level 2 of the Orcish Mines
 24930 | Orc:2    | Found a staircase to the Elven Halls.
 25020 | Orc:2    | Found Yhofujin's Book Emporium.
 25350 | Orc:2    | Found Mummyqep's Book Boutique.
 25424 | Orc:1    | Reached skill level 15 in Fighting
 25837 | Orc:1    | Reached skill level 10 in Maces & Flails
 26474 | Orc:2    | Found Hadaeso's Antique Armour Boutique.
 26480 | Orc:2    | Found Xoc Deru's Book Emporium.
 26494 | Orc:2    | Bought a book of the Earth for 504 gold pieces
 26501 | Orc:2    | Learned a level 6 spell: Bombard
 26503 | Orc:2    | Found Mucuala's Book Shop.
 26701 | Orc:2    | Bought a glowing helmet for 180 gold pieces
 26855 | Orc:1    | You are sucked into a shaft and drop 1 floor!
 27700 | D:11     | Sonja changed into Sonja the polar bear
 27700 | D:11     | Noticed Sonja
 27709 | D:11     | Killed Sonja the polar bear
 27977 | D:12     | Found a transporter.
 27980 | D:12     | Noticed Vadun's ghost (journeyman TrMo)
 28131 | D:12     | Found Hefionki's Overcharged Wands.
 28364 | D:12     | Reached skill level 16 in Fighting
 28691 | D:12     | Learned a level 5 spell: Lee's Rapid Deconstruction
 28852 | D:12     | Found a transporter.
 29189 | D:13     | Noticed Kirke
 29195 | D:13     | Killed Kirke
 29196 | D:13     | Reached XP level 16. HP: 85/110 MP: 6/30
 29715 | D:13     | Found Ekhlat's Distillery.
 29719 | D:13     | Bought a potion of resistance for 140 gold pieces
 30302 | D:14     | Found Losetome's Armour Emporium.
 30843 | D:14     | Identified the granite talisman of the Hurricane {rC+}
 30843 | D:14     | Noticed Roxanne
 31105 | D:14     | Reached skill level 17 in Fighting
 32046 | D:14     | Found a gate to the Vaults.
 32161 | D:15     | Entered Level 15 of the Dungeon
 33305 | D:15     | Found a staircase to the Depths.
 33361 | D:15     | Gained mutation: You are frail. (-10% HP) [a shining eye]
 33402 | D:15     | Lost mutation: You are frail. (-10% HP) [potion of
                  | mutation]
 33402 | D:15     | Gained mutation: You occasionally shout uncontrollably at
                  | your foes. [potion of mutation]
 33402 | D:15     | Gained mutation: Your flesh is cold resistant. (rC+)
                  | [potion of mutation]
 33402 | D:15     | Gained mutation: You have a beak for a mouth. [potion of
                  | mutation]
 33859 | D:4      | Bought a potion of magic for 80 gold pieces
 33859 | D:4      | Bought a potion of mutation for 80 gold pieces
 33859 | D:4      | Lost mutation: You occasionally shout uncontrollably at
                  | your foes. [potion of mutation]
 33859 | D:4      | Lost mutation: You have a beak for a mouth. [potion of
                  | mutation]
 33859 | D:4      | Gained mutation: You are strong-willed. (Will+) [potion of
                  | mutation]
 33859 | D:4      | Gained mutation: You are highly strong-willed. (Will++)
                  | [potion of mutation]
 33859 | D:4      | Gained mutation: Your body sometimes deteriorates upon
                  | taking damage. [potion of mutation]
 33859 | D:4      | Gained mutation: You are robust. (+10% HP) [potion of
                  | mutation]
 34042 | Spider:1 | Entered Level 1 of the Spider Nest
 34070 | Spider:1 | Learned a level 5 spell: Irradiate
 34544 | Spider:1 | Reached skill level 1 in Alchemy
 34824 | Spider:1 | Found a runed translucent door.
 34824 | Spider:1 | Noticed Cumifues's ghost (journeyman MiMo)
 35831 | Spider:2 | Found a glacial archway.
 35930 | Spider:2 | Reached XP level 17. HP: 128/128 MP: 18/31
 36235 | Spider:1 | Learned a level 4 spell: Olgreb's Toxic Radiance
 36408 | Spider:2 | Found a runed translucent gate.
 36408 | Spider:2 | Found a runed translucent gate.
 36408 | Spider:2 | Found a runed translucent gate.
 36409 | Spider:2 | Noticed Vubreenic's ghost (adept CeHu)
 36410 | Spider:2 | Noticed iishen's ghost (adept CeHu)
 36947 | Spider:2 | Reached skill level 10 in Conjurations
 37356 | Spider:3 | Reached skill level 5 in Alchemy
 40329 | Spider:4 | Entered Level 4 of the Spider Nest
 40918 | Spider:4 | Demolished by a pharaoh ant

Illustrated notes

Levels and vault maps discovered:
D:1:      lemuel_arrival_river_ford, layout_rooms,
          dreamdust_ecumenical_altar_statues
D:2:      layout_rooms, basic_altar, uniq_jessica, uniq_robin
D:3:      layout_rooms, moated_statue, minmay_increasing_density, uniq_sigmund,
          uniq_terence
D:4:      layout_loops_ring, minmay_temple_entry_statues_pillars, serial_shops,
          shop, nicolae_shop_stone, nicolae_shop_rolled_up, shop,
          nicolae_shop_bloodbath_and_beyond,
          nicolae_ossuary_entry_false_entrances, uniq_menkaure
D:5:      layout_layer_cave, serial_glass, glass_columns_b, glass_columns_b,
          glass_columns_a, glass_columns_b, glass_columns_a, glass_columns_a,
          glass_columns_a, glass_columns_a, glass_columns_a, glass_columns_c,
          nicolae_stop_n_shop_1, amcnicky_mini_corridor_feature
D:6:      layout_loops_ring, slow_altar_1, okawaru_trees_1,
          gup_sewer_entry_spiral, nicolae_nh_ransacked_shop, uniq_eustachio,
          uniq_edmund
D:7:      layout_loops_ring
D:8:      layout_basic, enter_bailey_3, uniq_erica
D:9:      layout_loops_ring, hiddenorc2_lemuel
D:10:     layout_stronghold, kiku_gazebo_pond_becter,
          nicolae_overflow_crystal_walls, hellmonk_lair_entry_icy,
          nicolae_eternal_life
D:11:     layout_roguey, gauntlet_entry_generic, uniq_josephine, uniq_sonja,
          uniq_grum
D:12:     layout_basic, gammafunk_ghost_arena, nicolae_shop_overcharged_wands
D:13:     layout_cave_pods, serial_shops, nicolae_shop_back_alley_shop,
          uniq_kirke
D:14:     layout_small_grid, grunt_vaults_entry_tiered,
          hangedman_abyss_or_decor_slice, nicolae_stop_n_shop_1, uniq_roxanne
D:15:     gammafunk_enter_depths_forms, layout_loops_ring, corexii_checkpoint
Temple:   regret_index_temple_mists
Lair:1:   layout_hall_layers, serial_bayou_shore_a, grunt_megastairs_4,
          infiniplex_staircase_pool, uniq_harold, uniq_amaemon
Lair:2:   layout_layer_cave, swamp_mist, grunt_megastairs_2
Lair:3:   layout_gridlike, spider_nest_entry_webs, grunt_megastairs_1,
          uniq_fannar
Lair:4:   layout_hall_layers, chequers_serial_rivers_marsh, tgw_fedhas
Lair:5:   evil_forest, layout_misc_corridors, slime_entry_2,
          infiniplex_staircase_pool_2
Spider:1: layout_spider_delve, gammafunk_ghost_grave
Spider:2: layout_spider_delve, gammafunk_ghost_cemetery,
          portal_ice_cave_entry_pillars_2, nicolae_spider_bug_shape
Spider:3: layout_chambers, nicolae_spider_swamp_cousins
Spider:4: spider_rune_water
Orc:1:    layout_caves, basic_altar
Orc:2:    st_orc_open, layout_diamond_mine, serial_shops,
          nicolae_shop_window_shopping
Hell

Skill      XL: |  1  2  3  4  5  6  7  8  9 10 11 12 13 14 15 16 17 |
---------------+----------------------------------------------------+-----
Earth Magic    | 4 5 6 7 9 10 11 | 11.3
Conjurations   | 2 3 4 6 7 8 9 11 | 11.5
Fighting       | 1 2 3 7 10 12 14 16 17 | 17.2
Spellcasting   | 3 7 9 10 | 10.2
Armour         | 6 10 | 10.0
Invocations    | 6 9 10 | 10.8
Shields        | 3 4 |  4.0
Translocations | 4 |  4.0
Maces & Flails | 1 8 11 13 | 13.0
Stealth        | 5 7 |  7.0
Alchemy        | 2 7 |  7.0
Dodging        | |  1.5

Action                     |  1- 3 |  4- 6 |  7- 9 | 10-12 | 13-15 | 16-18 || total
---------------------------+-------+-------+-------+-------+-------+-------++-------
  Melee: Dagger            |       |   131 |   124 |       |       |       ||   255
         Punch             |       |     2 |       |       |       |       ||     2
         Halberd           |       |       |   210 |   152 |       |       ||   362
         Whip              |       |       |       |   224 |    54 |       ||   278
         Demon whip        |       |       |       |       |   737 |   482 ||  1219
   Cast: Sandblast         |    44 |    46 |    90 |    36 |     7 |       ||   223
         Stone Arrow       |       |     1 |    47 |   151 |   477 |   237 ||   913
         Brom's Barrelling |       |       |     2 |     7 |    14 |     2 ||    25
         Blink             |       |       |       |       |     2 |     1 ||     3
         Lee's Rapid Decon |       |       |       |       |     5 |    15 ||    20
         Bombard           |       |       |       |       |       |    36 ||    36
         Olgreb's Toxic Ra |       |       |       |       |       |    44 ||    44
         Irradiate         |       |       |       |       |       |     1 ||     1
  Evoke: Wand              |       |       |       |     3 |     5 |       ||     8
    Use: Potion            |       |       |     4 |     3 |     3 |     5 ||    15
         Scroll            |       |       |    13 |     8 |    11 |     4 ||    36
   Stab: Sleeping          |       |     1 |       |       |     5 |     2 ||     8
         Distracted        |       |       |     1 |     1 |     2 |       ||     4
         Invisible         |       |       |       |       |     2 |       ||     2
 Armour: Robe              |     4 |    97 |   404 |       |       |       ||   505
         Troll leather arm |       |       |       |   425 |   771 |   525 ||  1721
  Dodge: Dodged            |    13 |    94 |   451 |   393 |   536 |   259 ||  1746
  Block: Buckler           |       |       |       |   102 |   267 |   179 ||   548
